General information
- name: BNet
- type: Ladder team game (AT/RT)
- host: Battle.net
- saver: BEAR_AND
map: GolemsInTheMist
- players: 8
- length: 18:25
- speed: Fast
- version: 1.21 W3XP
- replay type:

» download(144 KB)
Players
team 1 (winner)
BEAR_AND (
blue | 114 APM | 2097 actions | 18:25)
2 Archmage
1 Blizzard
1 Brilliance Aura
3 Mountain King
2 Storm Bolt
1 Bash
» actions
| Assign group hotkey | 6 | |
| Basic commands | 2 | |
| Build / train | 69 | |
| Enter build submenu | 51 | |
| Enter hero's abilities submenu | 5 | |
| Give item / drop item | 1 | |
| Remove unit from queue | 9 | |
| Right click | 1287 | |
| Select / deselect | 260 | |
| Select group hotkey | 307 | |
| Use ability | 100 | |
2097 total
» units
» upgrades
| Masonry | 2 | |
| Magic Sentry | 1 | |
| Lumber Harvesting | 1 | |
4 total
» buildings
| Altar of Kings | 1 | |
| Farm | 2 | |
| Lumber Mill | 1 | |
| Scout Tower | 52 | |
| Arcane Tower | 4 | |
| Guard Tower | 26 | |
| Keep | 1 | |
| Town Hall | 1 | |
| Arcane Sanctum | 1 | |
| Castle | 1 | |
90 total
» build order
00:08 Altar of Kings
00:19 Farm
00:41 Farm
00:44 Lumber Mill
01:03 Scout Tower
01:29 Arcane Tower
01:31 Scout Tower
02:02 Scout Tower
02:05 Guard Tower
02:23 Scout Tower
02:37 Guard Tower
02:53 Arcane Tower
03:03 Scout Tower
03:26 Scout Tower
03:41 Guard Tower
03:42 Scout Tower
03:43 Scout Tower
04:05 Scout Tower
04:06 Scout Tower
04:11 Guard Tower
04:47 Scout Tower
04:47 Scout Tower
04:48 Scout Tower
04:58 Guard Tower
05:00 Scout Tower
05:00 Scout Tower
05:23 Scout Tower
05:24 Scout Tower
05:29 Scout Tower
05:30 Scout Tower
05:31 Scout Tower
05:31 Scout Tower
05:32 Scout Tower
05:36 Guard Tower
05:37 Keep
05:41 Guard Tower
05:50 Scout Tower
05:51 Scout Tower
05:52 Scout Tower
05:53 Guard Tower
05:56 Scout Tower
06:24 Scout Tower
06:25 Scout Tower
06:26 Guard Tower
06:31 Arcane Tower
06:33 Arcane Tower
06:34 Guard Tower
06:38 Scout Tower
06:39 Scout Tower
06:40 Scout Tower
07:01 Guard Tower
07:02 Scout Tower
07:03 Scout Tower
07:06 Guard Tower
07:08 Guard Tower
07:11 Scout Tower
07:12 Scout Tower
07:15 Scout Tower
07:30 Guard Tower
07:33 Guard Tower
07:43 Guard Tower
07:51 Scout Tower
07:52 Scout Tower
07:53 Scout Tower
07:54 Scout Tower
08:12 Town Hall
08:22 Guard Tower
08:33 Guard Tower
08:51 Guard Tower
09:13 Scout Tower
09:14 Scout Tower
09:43 Scout Tower
09:44 Scout Tower
09:46 Scout Tower
09:52 Guard Tower
10:13 Arcane Sanctum
10:33 Guard Tower
10:34 Scout Tower
10:34 Scout Tower
10:41 Guard Tower
11:02 Scout Tower
11:03 Scout Tower
11:57 Guard Tower
12:39 Guard Tower
12:47 Guard Tower
14:21 Scout Tower
14:22 Scout Tower
14:23 Scout Tower
15:02 Guard Tower
15:12 Castle
» items
| Healing Salve | 1 | |
| Lesser Clarity Potion | 2 | |
| Orb of Lightning | 2 | |
| Scroll of Town Portal | 1 | |
| Staff of Sanctuary | 1 | |
7 total
Gobiner (
orange | 54 APM | 997 actions | 18:24)
2 Keeper of the Grove
1 Entangling Roots
1 Thorns Aura
» actions
| Assign group hotkey | 7 | |
| Basic commands | 38 | |
| Build / train | 50 | |
| Enter build submenu | 16 | |
| Enter hero's abilities submenu | 2 | |
| Right click | 419 | |
| Select / deselect | 114 | |
| Select group hotkey | 273 | |
| Use ability | 78 | |
997 total
» units
» upgrades
| Backpack | 1 | |
| Nature's Blessing | 1 | |
| Ultravision | 1 | |
| Well Spring | 1 | |
| Strength of the Wild | 1 | |
| Reinforced Hides | 1 | |
6 total
» buildings
| Altar of Elders | 1 | |
| Moon Well | 11 | |
| Tree of Ages | 1 | |
| Ancient of Wonders | 1 | |
| Tree of Life | 1 | |
| Tree of Eternity | 3 | |
| Ancient of Wind | 1 | |
| Hunter's Hall | 1 | |
| Chimaera Roost | 2 | |
22 total
» build order
00:08 Altar of Elders
00:24 Moon Well
00:48 Moon Well
02:02 Moon Well
03:55 Tree of Ages
05:02 Ancient of Wonders
05:35 Moon Well
05:38 Moon Well
05:50 Tree of Life
07:10 Moon Well
07:30 Moon Well
08:16 Tree of Eternity
08:16 Tree of Eternity
08:17 Tree of Eternity
12:04 Ancient of Wind
12:08 Moon Well
12:09 Moon Well
12:10 Moon Well
12:11 Moon Well
12:24 Hunter's Hall
15:12 Chimaera Roost
15:18 Chimaera Roost
» items
iggy_the_fisk (
red | 92 APM | 1688 actions | 18:24)
2 Blood Mage
1 Flame Strike
1 Banish
1 Mountain King
1 Storm Bolt
1 Paladin
1 Holy Light
» actions
| Assign group hotkey | 118 | |
| Basic commands | 5 | |
| Build / train | 84 | |
| Enter build submenu | 77 | |
| Enter hero's abilities submenu | 4 | |
| Right click | 832 | |
| Select / deselect | 308 | |
| Select group hotkey | 106 | |
| Use ability | 154 | |
1688 total
» units
» upgrades
| Masonry | 3 | |
| Lumber Harvesting | 2 | |
| Magic Sentry | 1 | |
6 total
» buildings
| Altar of Kings | 1 | |
| Lumber Mill | 1 | |
| Farm | 5 | |
| Scout Tower | 62 | |
| Arcane Tower | 3 | |
| Guard Tower | 27 | |
| Keep | 1 | |
| Arcane Vault | 3 | |
| Town Hall | 1 | |
| Arcane Sanctum | 1 | |
| Castle | 1 | |
106 total
» build order
00:04 Altar of Kings
00:19 Lumber Mill
00:21 Farm
00:31 Farm
01:59 Scout Tower
02:06 Scout Tower
02:17 Scout Tower
02:27 Arcane Tower
02:37 Scout Tower
02:39 Scout Tower
02:51 Arcane Tower
02:52 Scout Tower
02:53 Scout Tower
03:22 Scout Tower
03:24 Scout Tower
03:25 Guard Tower
03:58 Guard Tower
03:59 Scout Tower
04:03 Guard Tower
04:05 Scout Tower
04:09 Guard Tower
04:10 Scout Tower
04:48 Scout Tower
04:49 Guard Tower
04:51 Scout Tower
04:54 Guard Tower
04:56 Scout Tower
04:58 Scout Tower
04:59 Scout Tower
05:01 Scout Tower
05:03 Scout Tower
05:15 Guard Tower
05:34 Guard Tower
06:30 Keep
06:36 Guard Tower
06:38 Scout Tower
06:44 Arcane Vault
06:49 Arcane Vault
06:55 Scout Tower
06:57 Scout Tower
07:04 Scout Tower
07:05 Scout Tower
07:08 Guard Tower
07:36 Town Hall
07:40 Guard Tower
07:52 Scout Tower
08:02 Scout Tower
08:04 Scout Tower
08:40 Guard Tower
08:42 Scout Tower
08:50 Scout Tower
08:52 Guard Tower
09:14 Arcane Sanctum
09:41 Guard Tower
09:50 Guard Tower
09:52 Scout Tower
09:53 Scout Tower
09:53 Scout Tower
09:56 Guard Tower
09:57 Scout Tower
09:59 Scout Tower
10:02 Arcane Vault
10:03 Castle
10:06 Scout Tower
10:07 Scout Tower
10:37 Guard Tower
10:40 Farm
11:56 Scout Tower
11:57 Scout Tower
12:01 Guard Tower
12:08 Guard Tower
12:09 Scout Tower
12:12 Scout Tower
12:16 Scout Tower
12:31 Scout Tower
12:44 Guard Tower
13:01 Guard Tower
13:03 Scout Tower
14:37 Scout Tower
14:38 Scout Tower
14:46 Farm
14:48 Farm
14:52 Guard Tower
14:54 Scout Tower
14:56 Scout Tower
14:57 Scout Tower
14:58 Scout Tower
14:59 Scout Tower
15:05 Scout Tower
15:06 Scout Tower
15:12 Scout Tower
15:13 Scout Tower
15:18 Guard Tower
15:22 Guard Tower
15:33 Guard Tower
16:06 Scout Tower
16:08 Scout Tower
16:08 Scout Tower
16:10 Scout Tower
16:10 Scout Tower
16:15 Scout Tower
16:16 Scout Tower
16:20 Guard Tower
16:21 Scout Tower
18:11 Guard Tower
» items
| Healing Salve | 1 | |
| Lesser Clarity Potion | 2 | |
| Scroll of Town Portal | 1 | |
| Staff of Sanctuary | 1 | |
5 total

»
TIMG4STRok (
teal | 88 APM | 1618 actions | 18:24)
5 Blademaster
3 Wind Walk
2 Critical Strike
» actions
| Assign group hotkey | 11 | |
| Basic commands | 15 | |
| Build / train | 42 | |
| ESC pressed | 4 | |
| Enter build submenu | 20 | |
| Enter hero's abilities submenu | 5 | |
| Give item / drop item | 1 | |
| Right click | 1006 | |
| Select / deselect | 122 | |
| Select group hotkey | 337 | |
| Use ability | 55 | |
1618 total
» units
» upgrades
| Ranged Weapons | 3 | |
| Liquid Fire | 1 | |
| Armor | 2 | |
| Reinforced Defenses | 1 | |
7 total
» buildings
| Altar of Storms | 1 | |
| Orc Burrow | 4 | |
| Voodoo Lounge | 5 | |
| Stronghold | 1 | |
| War Mill | 1 | |
| Beastiary | 2 | |
| Fortress | 1 | |
| Watch Tower | 4 | |
| Great Hall | 1 | |
20 total
» build order
00:04 Altar of Storms
00:11 Orc Burrow
01:44 Voodoo Lounge
01:52 Voodoo Lounge
03:08 Voodoo Lounge
03:13 Stronghold
03:55 Voodoo Lounge
04:12 War Mill
04:26 Orc Burrow
04:59 Orc Burrow
05:39 Beastiary
06:25 Beastiary
06:39 Fortress
07:57 Voodoo Lounge
09:08 Orc Burrow
10:42 Watch Tower
10:44 Watch Tower
10:45 Watch Tower
10:46 Watch Tower
14:45 Great Hall
» items
| Lesser Clarity Potion | 3 | |
| Healing Salve | 1 | |
| Orb of Lightning | 1 | |
5 total
team 2 (loser)

»
Devge (
purple | 61 APM | 1116 actions | 18:23)
2 Blademaster
1 Wind Walk
1 Critical Strike
1 Shadow Hunter
1 Healing Wave
» actions
| Assign group hotkey | 17 | |
| Basic commands | 4 | |
| Build / train | 33 | |
| Enter build submenu | 12 | |
| Enter hero's abilities submenu | 3 | |
| Give item / drop item | 1 | |
| Remove unit from queue | 1 | |
| Right click | 625 | |
| Select / deselect | 267 | |
| Select group hotkey | 68 | |
| Use ability | 85 | |
1116 total
» units
| Peon | 7 | |
| Grunt | 7 | |
| Raider | 6 | |
| Goblin Zeppelin | 1 | |
21 total
» upgrades
| Berserker Strength | 1 | |
| Pillage | 1 | |
| Ensnare | 1 | |
3 total
» buildings
| Altar of Storms | 1 | |
| Orc Burrow | 5 | |
| Barracks | 1 | |
| Stronghold | 1 | |
| Voodoo Lounge | 1 | |
| Beastiary | 2 | |
11 total
» build order
00:10 Altar of Storms
00:22 Orc Burrow
00:43 Barracks
01:31 Orc Burrow
03:37 Stronghold
04:29 Voodoo Lounge
05:07 Orc Burrow
06:25 Beastiary
06:28 Beastiary
07:46 Orc Burrow
07:50 Orc Burrow
» items
| Healing Salve | 1 | |
| Scroll of Town Portal | 1 | |
2 total

»
SypheS (
green | 29 APM | 512 actions | 17:27)
2 Death Knight
1 Death Coil
1 Unholy Aura
» actions
| Basic commands | 1 | |
| Build / train | 40 | |
| Enter build submenu | 16 | |
| Enter hero's abilities submenu | 2 | |
| Remove unit from queue | 5 | |
| Right click | 283 | |
| Select / deselect | 150 | |
| Use ability | 15 | |
512 total
» units
| Acolyte | 7 | |
| Ghoul | 4 | |
| Crypt Fiend | 3 | |
| Gargoyle | 1 | |
| Meatwagon | 4 | |
| Frost Wyrm | 6 | |
25 total
» upgrades
» buildings
| Altar of Darkness | 1 | |
| Ziggurat | 5 | |
| Crypt | 1 | |
| Tomb of Relics | 1 | |
| Graveyard | 1 | |
| Halls of the Dead | 1 | |
| Nerubian Tower | 1 | |
| Spirit Tower | 1 | |
| Slaughterhouse | 1 | |
| Black Citadel | 1 | |
| Sacrificial Pit | 1 | |
| Boneyard | 2 | |
17 total
» build order
00:12 Altar of Darkness
00:19 Ziggurat
00:52 Crypt
01:06 Tomb of Relics
01:19 Ziggurat
02:26 Graveyard
03:15 Halls of the Dead
03:31 Nerubian Tower
03:39 Ziggurat
05:27 Spirit Tower
05:52 Slaughterhouse
06:56 Ziggurat
07:04 Ziggurat
07:21 Black Citadel
09:48 Sacrificial Pit
12:09 Boneyard
12:19 Boneyard
» items

»
tech.datsick (
pink | 40 APM | 701 actions | 17:40)
3 Blademaster
2 Wind Walk
1 Critical Strike
» actions
| Assign group hotkey | 4 | |
| Build / train | 38 | |
| Enter build submenu | 14 | |
| Enter hero's abilities submenu | 3 | |
| Remove unit from queue | 2 | |
| Right click | 506 | |
| Select / deselect | 112 | |
| Select group hotkey | 5 | |
| Use ability | 17 | |
701 total
» units
» upgrades
» buildings
| Altar of Storms | 1 | |
| Orc Burrow | 6 | |
| Barracks | 1 | |
| Stronghold | 1 | |
| Fortress | 1 | |
| War Mill | 1 | |
| Great Hall | 1 | |
| Tauren Totem | 2 | |
14 total
» build order
00:08 Altar of Storms
00:10 Orc Burrow
00:15 Barracks
01:51 Orc Burrow
04:18 Stronghold
05:21 Orc Burrow
05:38 Orc Burrow
07:04 Fortress
08:05 Orc Burrow
09:53 War Mill
10:42 Great Hall
11:19 Tauren Totem
11:21 Tauren Totem
14:37 Orc Burrow

»
thundercatsHOOO (
yellow | 29 APM | 502 actions | 17:28)
1 Blademaster
1 Wind Walk
» actions
| Assign group hotkey | 7 | |
| Build / train | 53 | |
| Enter build submenu | 12 | |
| Enter hero's abilities submenu | 1 | |
| Remove unit from queue | 1 | |
| Right click | 208 | |
| Select / deselect | 171 | |
| Select group hotkey | 15 | |
| Use ability | 34 | |
502 total
» units
| Peon | 15 | |
| Shaman | 6 | |
| Troll Witch Doctor | 4 | |
| Troll Batrider | 12 | |
37 total
» upgrades
| Shaman Training | 2 | |
| Witch Doctor Training | 2 | |
| Ensnare | 1 | |
| Liquid Fire | 1 | |
6 total
» buildings
| Orc Burrow | 6 | |
| Altar of Storms | 1 | |
| Barracks | 1 | |
| Stronghold | 4 | |
| Spirit Lodge | 2 | |
| Voodoo Lounge | 1 | |
| Beastiary | 1 | |
| Fortress | 1 | |
17 total
» build order
00:05 Orc Burrow
00:08 Altar of Storms
00:23 Barracks
01:37 Orc Burrow
01:59 Orc Burrow
03:14 Orc Burrow
03:18 Stronghold
03:18 Stronghold
03:19 Stronghold
05:53 Spirit Lodge
06:12 Voodoo Lounge
06:20 Spirit Lodge
06:37 Beastiary
07:02 Orc Burrow
08:42 Fortress
11:04 Orc Burrow
» items
| Rod of Necromancy | 1 | |
| Healing Salve | 1 | |
2 total
Chat log
(10:43 / All) iggy_the_fisk: wow purp
(10:45 / All) iggy_the_fisk: u noob?
(11:45 / All) iggy_the_fisk: ty for salving
(11:46 / All) BEAR_AND: thanks
(11:49 / All) iggy_the_fisk: breaking wind walk
(12:10 / All) Devge: your very bad,
(12:14 / All) Devge: i would destroy you 1v1
(12:16 / All) BEAR_AND: ok
(12:18 / All) BEAR_AND: 1v1 after?
(12:20 / All) iggy_the_fisk: 1v1 noob?
(12:21 / All) iggy_the_fisk: right after this game
(12:22 / Allies) BEAR_AND: come to clan TOWA
(12:23 / All) iggy_the_fisk: any of u
(12:24 / All) TIMG4STRok: LOL MY rofl
(12:24 / All) BEAR_AND: come to clan TOWA
(13:13 / All) BEAR_AND: thanks for raider:)
(13:28 / All) iggy_the_fisk: HOLY BALLS NOOBS
(13:29 / All) iggy_the_fisk: NOOOBS
(13:43 / All) iggy_the_fisk: Pink hero
(13:59 / All) iggy_the_fisk: noobs please
(14:12 / All) iggy_the_fisk: is this how you plan to beat us 1v1?
(14:20 / All) iggy_the_fisk: lose everything to 10 towers?
(14:27 / All) BEAR_AND: i mean i'm not even gonna make towers in 1v1
(14:31 / All) BEAR_AND: how you going to lose all your shit?
(14:32 / All) TIMG4STRok: emphasis on 10 because iggy is shit at towering
(14:33 / All) BEAR_AND: creeps?
(15:35 / All) TIMG4STRok: shit newps leave
(15:45 / All) iggy_the_fisk: Noobftroop
(15:49 / All) Gobiner: nice net
(16:01 / All) BEAR_AND: angry green?
(16:03 / All) BEAR_AND: ANGR?
(16:06 / All) BEAR_AND: rage unsummon?
(16:15 / All) SypheS: your clearly an idiot
(16:21 / All) BEAR_AND: "your" clearly a retarded shitnoob
(16:29 / All) SypheS: trying to shit talk everything
(16:31 / All) SypheS: w/e
(16:41 / All) SypheS: "your" not funny
(16:49 / All) iggy_the_fisk: pink hero
(16:50 / All) iggy_the_fisk: Nope
(16:53 / All) iggy_the_fisk: lost it to towers again
(17:00 / All) iggy_the_fisk: Yellow hero
(17:01 / All) iggy_the_fisk: No
(17:03 / All) iggy_the_fisk: lost it towers again
(17:05 / All) BEAR_AND: WARDS
(17:05 / All) BEAR_AND: MOPRE
(17:06 / All) BEAR_AND: WARDS
(17:07 / All) Devge: this is not tower wars!
(17:16 / All) iggy_the_fisk: i know
(17:19 / All) iggy_the_fisk: It's a tower slaughter
(17:46 / All) TIMG4STRok: LEAVE
(17:48 / All) TIMG4STRok: now
(17:56 / All) iggy_the_fisk: purp owned again noob
(18:16 / All) Devge: what channel?
(18:18 / All) iggy_the_fisk: Noob my bloob
(18:19 / All) BEAR_AND: CLAN TOWA
(18:19 / All) iggy_the_fisk: clan towa noob
(18:21 / All) Gobiner: channel ƒ